Cogmind - Beta 13 @@@ ROGUE MODE // 2024.07.10 @ 13:15:35 Player: maykstuff Result: Destroyed by Y-45 Defender with Heavy Assault Rifle Performance ------------- Evolutions (1) 500 Regions Visited (3) 600 Robots Destroyed (24) 120 Value Destroyed (513) 513 Prototype IDs (2) 40 Alien Tech Used (0) 0 Bonus (0) 0 TOTAL SCORE: 1773 Bonus ------- None Cogmind --------- Core Integrity 0/400 Matter 300/300 Energy 100/100 System Corruption 0% Temperature Cool (0) Movement Core (50) Location -9/Materials Parts ------- > --- POWER (1) -------- (None) > --- PROPULSION (2) --- (None) > --- UTILITY (3) ------ (None) > --- WEAPON (3) ------- (None) > --- INVENTORY (5) ---- Large Storage Unit Salvage Targeting Computer Tractor Beam Datajack Peak State ------------ > --- POWER ------------ Light Ion Engine > --- PROPULSION ------- Light Treads Light Treads > --- UTILITY ---------- Large Storage Unit Sensor Array Hacking Suite > --- WEAPON ----------- Datajack Plasma Flamer > --- INVENTORY -------- Ion Engine Compact Wheel Salvage Targeting Computer Tractor Beam Datajack Mining Laser [Rating: 14] Favorites ----------- Power Ion Engine Engine Ion Engine Propulsion Compact Wheel Treads Light Treads Wheel Compact Wheel Utility Sensor Array Device Sensor Array Storage Large Storage Unit Hackware Hacking Suite Weapon Spread Laser Energy Gun Spread Laser Special Weapon Plasma Flamer Special Melee Weapon Datajack Build | -11 -10 -10 -9 ------- Run | Yrd Mat Min Mat Slots Evolved 2 | . . . 2 Power . | . . . . Propulsion . | . . . . Utility 1 | . . . 1 Weapon 1 | . . . 1 Parts Attached 27 | 7 11 . 9 Power 6 | 1 3 . 2 Engine 6 | 1 3 . 2 Core . | . . . . Reactor . | . . . . Propulsion 7 | 2 2 . 3 Treads 2 | . . . 2 Leg . | . . . . Wheel 5 | 2 2 . 1 Hover . | . . . . Flight . | . . . . Utility 6 | 2 3 . 1 Device 3 | 1 2 . . Storage 2 | 1 1 . . Processor . | . . . . Hackware 1 | . . . 1 Protection . | . . . . Artifact . | . . . . Weapon 8 | 2 3 . 3 Energy Gun 5 | 2 3 . . Energy Cannon . | . . . . Ballistic Gun . | . . . . Ballistic Cannon . | . . . . Launcher . | . . . . Special Weapon 2 | . . . 2 Impact Weapon . | . . . . Slashing Weapon . | . . . . Piercing Weapon . | . . . . Special Melee Weapon 1 | . . . 1 Unidentified Prototypes . | . . . . Parts Lost 15 | . 2 . 13 Power 3 | . 1 . 2 Propulsion 4 | . . . 4 Utility 2 | . . . 2 Weapon 6 | . 1 . 5 Highest Loss Streak 11 | . 2 . 11 To Critical Strikes 1 | . . . 1 Average Slot Usage (%) 96 | . 99 100 80 Engine 13 | . 13 14 9 Treads 1 | . . . 7 Wheel 24 | . 28 28 10 Device 12 | . 13 14 8 Storage 13 | . 14 14 9 Hackware 1 | . . . 9 Energy Gun 25 | . 28 28 15 Special Melee Weapon 1 | . . . 8 Naked Turns 13 | . . . 13 Heaviest Build 34 | 14 34 31 32 Greatest Support 40 | 32 32 32 40 Greatest Overweight (x) 9 | . 1 . 9 Average Overweight (x) . | . . . . Largest Inventory Capacity 15 | 8 15 15 15 Average Capacity 13 | 5 12 15 13 Most Carried 11 | 5 10 11 10 Average Carried 8 | 3 7 10 7 Final Capacity 15 | 8 15 15 5 Final Carried 11 | 5 9 11 4 Class Distribution -------------------- 100% | Mutant Dominant Class ---------------- Mutant | -10/Materials Mutant | -10/Mines Mutant | -9/Materials Resources | -11 -10 -10 -9 ----------- Run | Yrd Mat Min Mat Matter Collected 482 | 270 157 . 55 Remotely 38 | 38 . . . Salvage Created 716 | 97 318 140 161 Parts 39 | 2 22 6 9 Haulers Intercepted . | . . . . Recyclers Shooed . | . . . . Parts Field Recycled . | . . . . Retrieved Matter . | . . . . Parts Self-Destructed . | . . . . Prevented . | . . . . Kills | -11 -10 -10 -9 ------- Run | Yrd Mat Min Mat Combat Hostiles Destroyed 21 | . 12 3 6 Guns 19 | . 11 3 5 Cannons 1 | . . . 1 Classes Destroyed 5 | 1 3 . 1 Recycler 2 | 1 . 1 . Operator 1 | . 1 . . Swarmer 11 | . 6 3 2 Grunt 8 | . 6 . 2 Sentry 2 | . . . 2 Best Kill Streak 4 | 1 3 4 3 Combat Bots Only 3 | . 3 3 3 Max Kills in Single Turn 1 | 1 1 1 1 Gunslinging . | . . . . Exploded . | . . . . Melee . | . . . . Uniques/NPCs Destroyed . | . . . . Combat | -11 -10 -10 -9 -------- Run | Yrd Mat Min Mat Hostile Shots Fired 210 | . 51 6 153 Missed 61 | . 20 1 40 Damage Taken 1632 | . 507 38 1087 Core 521 | . 105 14 402 Absorbed by Shields . | . . . . Core Remaining (%) 76 | 100 . 52 . Volleys Fired 77 | 6 43 4 24 Largest 2 | 2 2 2 2 Hottest 130 | 90 130 115 115 Shots Fired 136 | 12 77 8 39 Gun 129 | 12 77 8 32 Cannon . | . . . . Launcher . | . . . . Special 7 | . . . 7 Kinetic . | . . . . Thermal 136 | 12 77 8 39 Explosive . | . . . . Electromagnetic . | . . . . Robot Hit Streak 9 | 6 8 6 9 Robot Miss Streak 13 | 2 13 10 4 Penetration Max . | . . . . Secondary Targets 1 | . 1 . . Max Gunslinging Chain 1 | . 1 . . Shots Hit Robots 100 | 8 50 6 36 Core Hits 62 | 2 34 7 19 Critical Kills . | . . . . Critical Parts Destroyed . | . . . . Critical Strikes 4 | 1 2 1 . Burn 4 | 1 2 1 . Melee Attacks 6 | . . . 6 Impact . | . . . . Slashing . | . . . . Piercing . | . . . . Sneak Attacks 5 | . . . 5 Combat Hostiles . | . . . . Follow-up Attacks . | . . . . Damage Inflicted 1156 | 98 588 62 408 Guns 1092 | 98 588 62 344 Cannons . | . . . . Explosions . | . . . . Melee . | . . . . Ramming . | . . . . Kinetic . | . . . . Thermal 1156 | 98 588 62 408 Explosive . | . . . . Electromagnetic . | . . . . Impact . | . . . . Slashing . | . . . . Piercing . | . . . . Highest Corruption . | . . . . Average Corruption . | . . . . Corruption Purged . | . . . . Corruption Blocked . | . . . . Overload Shots . | . . . . Overflow Damage . | . . . . Projectiles . | . . . . Explosions . | . . . . Melee . | . . . . Knockbacks . | . . . . Impact . | . . . . Kinetic . | . . . . Secondary . | . . . . Self-Inflicted Damage . | . . . . Shots . | . . . . Rammed . | . . . . Targets Rammed . | . . . . Kicked . | . . . . Crushed . | . . . . Highest Temperature 359 | 180 359 216 270 Average Temperature 111 | 93 117 112 105 Received Heat Transfer 216 | . 120 . 96 Effects 11 | . 10 . 1 Shutdowns 2 | . 2 . . Energy Bleed 3 | . 2 . 1 Interference 4 | . 4 . . Matter Decay 1 | . 1 . . Damage (minor) 1 | . 1 . . Siege Activations . | . . . . Robots Corrupted . | . . . . Combat Hostiles . | . . . . Parts Fried . | . . . . Impact Corruptions . | . . . . Robots Melted 1 | . 1 . . Combat Hostiles 1 | . 1 . . Parts Melted 6 | 1 2 . 3 Heat Transferred 2941 | 322 1430 215 974 Parts Sabotaged . | . . . . Parts Stolen . | . . . . Parts Stripped . | . . . . Power Chain Reactions . | . . . . Alert | -11 -10 -10 -9 ------- Run | Yrd Mat Min Mat Peak Influence 268 | 5 223 76 268 Initial 76 | . 3 76 29 Average 84 | 1 111 53 120 Maximum Alert Level 1 | . 1 . 1 Low Security (%) 93 | 100 98 100 67 Level 1 6 | . 1 . 32 Level 2 . | . . . . Level 3 . | . . . . Level 4 . | . . . . Level 5 . | . . . . High Security . | . . . . Max Security . | . . . . Squads Dispatched 6 | . 5 . 1 Investigation 3 | . 3 . . Extermination . | . . . . Reinforcement 3 | . 2 . 1 Assault . | . . . . Garrison . | . . . . Intercept . | . . . . Searches Triggered . | . . . . Construction Impeded . | . . . . Haulers Reinforced . | . . . . Active Scanning Responses . | . . . . Cargo Convoy Interrupts . | . . . . Stealth | -11 -10 -10 -9 --------- Run | Yrd Mat Min Mat Distress Signals 3 | . 1 . 2 Communications Jammed . | . . . . Distress Signals . | . . . . Times Spotted 49 | . 20 3 26 Peak Tracking Total 8 | . 4 3 8 Tactical Retreats 5 | . 2 . 3 Traps | -11 -10 -10 -9 ------- Run | Yrd Mat Min Mat Traps Triggered 3 | . 3 . . Indirectly . | . . . . Trap Hack Attempts . | . . . . Triggered . | . . . . Disarmed . | . . . . Reprogrammed . | . . . . Reused . | . . . . Traps Extracted . | . . . . Installed . | . . . . Triggered . | . . . . Machines | -11 -10 -10 -9 ---------- Run | Yrd Mat Min Mat Machines Disabled . | . . . . Max in Single Turn . | . . . . Machines Repaired . | . . . . Machines Dismantled . | . . . . Machines Sabotaged . | . . . . Overloaded Fab Kills . | . . . . Hacking | -11 -10 -10 -9 --------- Run | Yrd Mat Min Mat Machines Accessed 5 | . 4 . 1 Terminals 3 | . 2 . 1 Fabricators . | . . . . Repair Stations 1 | . 1 . . Recycling Units 1 | . 1 . . Scanalyzers . | . . . . Garrison Access . | . . . . Total Hacks 18 | . 11 . 7 Successful 9 | . 5 . 4 Failed 9 | . 6 . 3 Catastrophic 1 | . 1 . . Database Lockouts . | . . . . Manual . | . . . . Terminals 15 | . 8 . 7 Fabricators . | . . . . Repair Stations 1 | . 1 . . Recycling Units 2 | . 2 . . Scanalyzers . | . . . . Garrison Access . | . . . . Terminal Hacks 6 | . 2 . 4 Prototype ID Bank 1 | . . . 1 Alert Level 1 | . . . 1 Dispatch Records 1 | . . . 1 Hauler Manifests 3 | . 2 . 1 Fabricator Hacks . | . . . . Repair Station Hacks 1 | . 1 . . Scan Component 1 | . 1 . . Recycling Unit Hacks 2 | . 2 . . Process 1 | . 1 . . Report Inventory 1 | . 1 . . Scanalyzer . | . . . . Garrison Access Hacks . | . . . . Unauthorized Hacks . | . . . . Terminals . | . . . . Fabricators . | . . . . Repair Stations . | . . . . Recycling Units . | . . . . Scanalyzers . | . . . . Garrison Access . | . . . . Data Cores Recovered . | . . . . Used . | . . . . Hacking Detections 3 | . 2 . 1 Full Trace Events 1 | . 1 . . Feedback Events . | . . . . Feedback Blocked . | . . . . Robot Schematics Acquired . | . . . . Robots Built . | . . . . Authchips . | . . . . Time . | . . . . Total Robot Build Rating . | . . . . Part Schematics Acquired . | . . . . Parts Built . | . . . . Authchips . | . . . . Time . | . . . . Total Part Build Rating . | . . . . Parts Repaired . | . . . . Time . | . . . . Parts Recycled . | . . . . Recycled Matter 10 | . 10 . . Retrieved Matter . | . . . . Retrieved Components . | . . . . Parts Scanalyzed . | . . . . Part Schematics Acquired . | . . . . Parts Damaged . | . . . . Bothacking | -11 -10 -10 -9 ------------ Run | Yrd Mat Min Mat Used RIF Installer . | . . . . Robots Hacked 2 | . . . 2 Non-combat 1 | . . . 1 Combat 1 | . . . 1 Robot Hacks Applied 4 | . . . 4 parse_system 2 | . . . 2 no_distress 1 | . . . 1 check_alert 1 | . . . 1 Relay Couplers Released . | . . . . Fabnet Peak Effective % . | . . . . Robots Rewired . | . . . . Allies Hacked . | . . . . Hacks Repelled . | . . . . Allies | -11 -10 -10 -9 -------- Run | Yrd Mat Min Mat Total Allies 1 | . . 1 . Largest Group 1 | . . 1 . Highest-Rated Group 31 | . . 31 . Highest-Rated Ally 31 | . . 31 . Total Orders . | . . . . Ally Attacks . | . . . . Total Damage . | . . . . Kills . | . . . . Allies Corrupted . | . . . . Allies Melted . | . . . . Intel | -11 -10 -10 -9 ------- Run | Yrd Mat Min Mat Robot Analysis Total . | . . . . Derelict Logs Recovered 1 | . . 1 . Drone Launches . | . . . . Drone Recoveries . | . . . . Exploration | -11 -10 -10 -9 ------------- Run | Yrd Mat Min Mat Turns Passed 1671 | 94 659 631 287 Spaces Moved 1313 | 61 487 616 149 Core 2 | 1 . . 1 Treads 27 | . . . 27 Legs . | . . . . Wheels 1284 | 60 487 616 121 Hover . | . . . . Flight . | . . . . Fastest Speed 50 | 50 100 100 100 Average Speed 102 | 99 102 100 115 Slowest Speed 500 | 100 115 100 500 Overloaded Moves . | . . . . Propulsion Burnouts . | . . . . Robots Hopped . | . . . . Cave-ins Triggered . | . . . . Exploration Rate (%) 48 | 4 76 98 15 Regions Visited 3 Branch Regions 1 Pre-discovered Areas 1 | . . 1 . Known Exits Taken . | . . . . Unknown Exits Taken 3 | 1 1 1 . Scrap Searched 1 | . . 1 . Spaces Dug . | . . . . Terrain Destroyed . | . . . . Melee . | . . . . Projectile . | . . . . AOE . | . . . . Terrain Rammed . | . . . . Walls Destroyed . | . . . . Machines Disabled . | . . . . Actions | -11 -10 -10 -9 --------- Run | Yrd Mat Min Mat Total 1496 | 79 577 623 217 Wait 49 | . 22 . 27 Move 1310 | 60 486 615 149 Hop . | . . . . Pick Up 14 | 6 5 3 . Fast Attach 8 | 6 2 . . Attach 10 | 1 2 . 7 Detach 3 | . 2 . 1 Swap 9 | . 7 . 2 Drop 10 | . 8 1 1 Fire 77 | 6 43 4 24 Melee 6 | . . . 6 Ram . | . . . . Kick . | . . . . Crush . | . . . . Escape Stasis . | . . . . Rewire . | . . . . Trap . | . . . . Miscellaneous . | . . . . Route ------- -11/Scrapyard -10/Materials (discovered 4 exits: *Mat x3 / [*Min]) -10/Mines (discovered 2 exits: *Mat x2) -9/Materials History --------- Turn | Location | Event 24 | -11/Scrapyard | Discovered new exit (range 16) 95 | -11/Scrapyard | Entered Materials 319 | -10/Materials | Discovered new exit (range 7) 325 | -10/Materials | Build established: Mutant 497 | -10/Materials | Discovered new exit (range 6) 666 | -10/Materials | Discovered new exit (range 15) 738 | -10/Materials | Discovered new exit (range 9) 754 | -10/Materials | Entered Mines 823 | -10/Mines | Learned location of Zion (-6) 1013 | -10/Mines | A weapon hastily lodged in a ceiling crevice suddenly fell to the ground 1017 | -10/Mines | Received a Mining Laser from a helpful Derelict 1029 | -10/Mines | Discovered new exit (range 6) 1172 | -10/Mines | Discovered new exit (range 7) 1385 | -10/Mines | Entered Materials 1385 | -9/Materials | Evolved 2 slots: Utility x1, Weapon x1 1661 | -9/Materials | Core integrity fell below 50% 1667 | -9/Materials | Core integrity fell below 20% 1672 | -9/Materials | Destroyed by Y-45 Defender with Heavy Assault Rifle Last Messages --------------- 01612_ S-10 Pest destroyed. 01616_ Plasma Flamer destroyed. 01619_ Lgt. Ion Engine destroyed. 01626_ Acquired 10 matter. 01634_ Dropped Lgt. Treads. 01636_ W-16 Scout sends out distress signal. 01640_ R-06 Scavenger collects Lgt. Treads. 01644_ Lgt. Treads destroyed. 01648_ Critical hit (Destroy). 01648_ Ion Engine destroyed. 01649_ S-10 Pest destroyed. 01654_ Com. Wheel destroyed. 01656_ S-10 Pest destroyed. 01657_ Mining Laser destroyed. 01659_ Hacking Suite destroyed. 01664_ S-10 Pest destroyed. 01667_ R-06 Scavenger collects Lgt. Assault Rifle. 01670_ R-06 Scavenger collects Flight Unit. Map ----- +----------------------------------------------------+ | ?????# % + "" *%# = # """ T#?????????????? | | ?????# ##### # !=## ## "#?????????????? | | ?????# #???# # *## ##! #?????????????? | | ?????# ####### ########### #########???? #??????? | | ?????# ## # # !?????# #??????????? ?????? | | ?????# ## # # !?????# ####??????? ???????? | | ????## ## # # ??????# #?????## ???????? | | ????# # # # ??????# #???? ?????????? | | ????# + # ##+##+##### #???? #??????????? | | ????# # + ##### #??????????? | | ?#####+## #### ######## T #??????????? | | ?# # #??# #??????# #??????????? | | ?# ]]] # #??# #??????# """ #??????????? | | ?# ]]] ######??# #??????# """ #??????????? | | ?# ]]] #???????# #??????# """ #??????????? | | ?# #???????# #??????# +??????????? | | ?# ! #???????# #??????# #??????????? | | ?########???????# #??????# %= #??????????? | | ????????????????# #??????# * ##??????????? | | ????????????????# #??????# [!* #???????????? | | ????????????????# #??????# r !!* #???????????? | | ????????????????# #??????# !!* #???????????? | | ????????????????# #????###s####### #???????????? | | ??###########???# #????# rs #??? #???????????? | | ??# ##### #????# !!%""#??? #???????????? | | ??# """ # #????# @ T"#??? #???????????? | | ??# "T" # #????#Y ""#???? #???????????? | | ??# + #???# #???? #???????????? | | ??# == # #???## #???? #???????????? | | ??# == # #????########??????#???????????? | | ??# =! ## ##??????????????????????????????? | | ??# ## #???????????????????????????????? | | ??############ #???????????????????????????????? | | ??????# + #???????????????????????????????? | | ??????# """ # #???????????????????????????????? | | ??????# """ # #???????????????????????????????? | | ??????# """ # #???????????????????????????????? | | ??????# #####???????????????????????????????? | | ??????# [ #???????????????????????????????????? | | ??????########???????????????????????????????????? | | ?????????????????????????????????????????????????? | | ?????????????????????????????????????????????????? | | ?????????????????????????????????????????????????? | | ?????????????????????????????????????????????????? | | ?????????????????????????????????????????????????? | | ?????????????????????????????????????????????????? | | ?????????????????????????????????????????????????? | | ?????????????????????????????????????????????????? | | | | | +----------------------------------------------------+ Best States ------------- Heat Dissipation 39 Energy Generation 12 Energy Capacity 265 Matter Stores 300 Matter Capacity 300 Sight Range 16 Robot Scan Range 14 Terrain Scan Density 10 Evasion (%) 40 Recoil Reduction 2 Offensive Hacking 10 Item Schematics ----------------- None Robot Schematics ------------------ None Fabricated ------------ Nothing Alien Tech Used ----------------- None Achievements -------------- None Challenges ------------ None Game ------ Seed FlakCoolingCasing Manual? 0 Play Time 00:16:10 Cumulative 11.7 hours Start 2024.07.10 @ 13:00:29 End 2024.07.10 @ 13:15:35 Sessions 1 Manual Loads 0 Difficulty Rogue Special Mode None Game No. 24 Rogue 24 Adventurer 0 Explorer 0 Win Type - Total 0 Types 0/0/0/0/0/0/0/0/0 Lore% 11 Gallery% 15 Achievement% 16 Wizard Run 0 Options --------- Layout 1 ASCII 1 Keyboard 0 Movement Numpad Keybinds 0 Fullscreen 1 Font 24/Proggy Map View 50x35 Zoom Use 0% Tactical HUD 1 Map Filters NONE Filters NONE Steam 0 RUN: 81ec2e96-6924-4100-8789-7d781c7a66a6